 Dungeon Crawl Stone Soup version 0.27.0-1-g7a089689b8 (webtiles) character file.

Game seed: 10034798510940402550

119 Mnoleg1 the Skirmisher (level 5, -1/55 HPs)
             Began as an Ogre Berserker on Aug 12, 2021.
             Was a Believer of Trog.
             Succumbed to an adder's poison
             ... on level 3 of the Dungeon.
             The game lasted 00:09:11 (2546 turns).

Mnoleg1 the Skirmisher (Ogre Berserker)             Turns: 2546, Time: 00:09:11

Health: -1/55      AC:  4    Str: 22    XL:     5   Next: 3%
Magic:  5/5        EV: 10    Int:  8    God:    Trog [**....]
Gold:   116        SH:  0    Dex:  8    Spells: 4/4 levels left

rFire    . . .     SeeInvis .   a - +0 hand axe
rCold    . . .     Faith    .   (no shield)
rNeg     . . .     Spirit   .   n - +0 robe
rPois    .         Reflect  .   (helmet restricted)
rElec    .         Harm     .   f - +0 cloak
rCorr    .         Rampage  .   (gloves unavailable)
Will     .....                  (boots unavailable)
Stlth    +.........             (no amulet)
HPRegen  0.18/turn              (no ring)
MPRegen  0.09/turn              (no ring)

@: lethally poisoned (-1 -> -7)
A: large, unfitting armour, tough skin 1
a: Renounce Religion, Berserk, Trog's Hand


You were on level 3 of the Dungeon.
You worshipped Trog.
Trog was pleased with you.
You visited 1 branch of the dungeon, and saw 3 of its levels.

You collected 116 gold pieces.

Inventory:

Hand Weapons
 a - a +0 hand axe (weapon)
Armour
 b - a +0 animal skin
 f - a +0 cloak (worn)
 n - a +0 robe (worn)
Scrolls
 c - a scroll of enchant armour {unknown}
 e - a scroll of blinking {unknown}
 g - 2 scrolls of identify {unknown}
 h - a scroll of teleportation {unknown}
 i - a scroll of silence {unknown}
 j - a scroll of amnesia {unknown}
Potions
 d - 3 potions of flight {unknown}
 l - a potion of cancellation {unknown}
 m - a potion of attraction {unknown}


   Skills:
 + Level 4.9 Fighting
 + Level 4.3 Axes
 + Level 3.4 Dodging
 + Level 0.3 Stealth


You had 4 spell levels left.
You didn't know any spells.
Your spell library contained the following spells:

 Spells                   Type           Power      Damage    Failure   Level
 Animate Skeleton         Necr           0%         N/A       41%         1
 Magic Dart               Conj           0%         1d3       41%         1
 Pain                     Necr           0%         1d4       41%         1
 Call Imp                 Summ           0%         N/A       54%         2
 Mephitic Cloud           Conj/Pois/Air  0%         N/A       78%         3
 Vampiric Draining        Necr           0%         2d6       78%         3


Dungeon Overview and Level Annotations

Branches:
Dungeon (3/15)

Altars:

Shops:
D:2 *

Annotations:
D:3 Grinder


Innate Abilities, Weirdness & Mutations

You are too large for most types of armour.
You have tough skin. (AC +1)


Message History

The phantom closely misses you. The phantom closely misses you.
You hit the phantom.
The phantom is heavily damaged.
The phantom closely misses you.
You barely miss the phantom.
The phantom is heavily damaged.
The phantom hits you but does no damage.
You miss the phantom.
The phantom is moderately damaged.
The phantom hits you.
* * * LOW HITPOINT WARNING * * *
You closely miss the phantom.
The phantom is moderately damaged.
The phantom hits you.
* * * LOW HITPOINT WARNING * * *
You slash the phantom!
The phantom is heavily damaged.
You barely miss the adder. The adder barely misses you. The phantom hits you.
* * * LOW HITPOINT WARNING * * *
The phantom blinks!
You blink.
You miss the phantom.
The phantom is heavily damaged.
You hit the worm.
The phantom hits you but does no damage.
The worm bites you.
* * * LOW HITPOINT WARNING * * *
You closely miss the phantom.
The phantom is heavily damaged.
You closely miss the adder. You hit the worm. The adder bites you.
* * * LOW HITPOINT WARNING * * *
You are lethally poisoned!
The adder poisons you! The phantom barely misses you.
The adder completely misses you.
Unknown command.
Unknown command.
You hit the worm.
The worm is heavily wounded.
You hit the adder. You hit the phantom.
You die...

#. .. .#### . ... #. #.#
#.##.###########...
#.>................
###........!###
#.....w.....#
#...S@.ww...#
####W####5..# #....#
#...######## #.####
#.......[... #.####
###.ยง..:....
#####....######.w.......
#......# #.)[......w....
#.#....# #..............
#.#.#.<# ...............


You could see Grinder, a phantom, 2 worms, an adder and a dart slug.

Vanquished Creatures
  Jessica (D:3)
  Natasha (twice) (D:2)
  A worm (D:2)
  A dart slug (D:1)
  2 ball pythons
  2 endoplasms (D:2)
  2 goblins
  5 hobgoblins
  7 jackals (D:1)
  2 kobolds (D:1)
  A quokka (D:1)
  5 bats (D:1)
  3 frilled lizards (D:1)
  5 rats
39 creatures vanquished.

Vanquished Creatures (others)
  3 plants (D:2)
3 creatures vanquished.

Grand Total: 42 creatures vanquished

Notes
Turn   | Place    | Note
-------+----------+-------------------------------------------
     0 | D:1      | Mnoleg1 the Ogre Berserker began the quest for the Orb.
     0 | D:1      | Reached XP level 1. HP: 24/24 MP: 1/1
    28 | D:1      | You fall into a shaft and drop 1 floor!
   294 | D:2      | Noticed Natasha
   307 | D:2      | Killed Natasha
   308 | D:2      | Reached XP level 2. HP: 9/33 MP: 2/2
   308 | D:2      | Reached XP level 3. HP: 11/40 MP: 3/3
   877 | D:1      | Found a faded altar of an unknown god.
   888 | D:1      | Reached ** piety under Trog
  1103 | D:1      | Reached XP level 4. HP: 42/49 MP: 4/4
  1654 | D:2      | Noticed Natasha
  1665 | D:2      | Killed Natasha
  2075 | D:2      | Found Hurub's Assorted Antiques.
  2489 | D:3      | Noticed Jessica
  2499 | D:3      | Killed Jessica
  2500 | D:3      | Reached XP level 5. HP: 50/55 MP: 5/5
  2526 | D:3      | Noticed a phantom
  2528 | D:3      | Noticed Grinder
  2544 | D:3      | HP: 2/55 [worm (5)]
  2546 | D:3      | Succumbed to an adder's poison

Illustrated notes

Levels and vault maps discovered:
D:1:      amcnicky_arrival_underground_garden, layout_basic,
          hellmonk_ecumenical_altar_run_dry, minmay_pentomino_v4
D:2:      layout_loops_corners, serial_forest, infiniplex_forest_lined_2,
          infiniplex_forest_straight_4, infiniplex_forest_lined_room_,
          infiniplex_forest_join, infiniplex_forest_clump_double,
          infiniplex_forest_clump_double, infiniplex_forest_lined_corner,
          infiniplex_forest_straight_4, serial_shops, shop_statue,
          mrwooster_statue_mirror, hangedman_feature_mirror, uniq_natasha
D:3:      layout_basic, serial_shops, nicolae_shop_statue_plus,
          nicolae_diamond_shop, corexii_shack, uniq_robin, uniq_grinder,
          uniq_jessica, uniq_crazy_yiuf_cottage

Skill      XL: |  1  2  3  4 |
---------------+-------------+-----
Dodging        | 3 |  3.4
Axes           | 4 |  4.3
Fighting       | |  4.9
Stealth        | |  0.3

Action                   |  1- 3 |  4- 6 || total
-------------------------+-------+-------++-------
Melee: Hand axe          |    65 |    60 ||   125
Armor: Animal skin       |    30 |    17 ||    47
       Robe              |       |     2 ||     2
Dodge: Dodged            |    42 |    26 ||    68
